 Dungeon Crawl Stone Soup version 0.28.0-47-ge53b351184 (webtiles) character file.

Game seed: 3144299162281109088

18 styxcanada the Sneak (level 2, -1/15 HPs)
             Began as a Spriggan Brigand on Apr 28, 2022.
             Killed from afar by an orc wizard (7 damage)
             ... with a puff of flame
             ... on level 2 of the Dungeon.
             The game lasted 00:03:15 (764 turns).

styxcanada the Sneak (Spriggan Brigand)              Turns: 764, Time: 00:03:16

Health: -1/15      AC:  3    Str:  7    XL:     2   Next: 48%
Magic:  3/3        EV: 21    Int: 12    God:
Gold:   50         SH:  0    Dex: 16    Spells: 1/1 levels left

rFire   . . .      SeeInvis +   a - +2 dagger
rCold   . . .      Faith    .   (no shield)
rNeg    . . .      Spirit   .   b - +0 robe
rPois   .          Reflect  .   (helmet restricted)
rElec   .          Harm     .   c - +0 cloak
rCorr   .          Rampage  .   (gloves unavailable)
Will    .....                   (boots unavailable)
Stlth   +++.......              (no amulet)
HPRegen 0.05/turn               k - +4 ring of evasion
MPRegen 0.08/turn               (no ring)

@: very quick
A: very small, no large weapons, unfitting armour, see invisible, speed 3
a: no special abilities


You were on level 2 of the Dungeon.
You visited 1 branch of the dungeon, and saw 2 of its levels.

You collected 50 gold pieces.

Inventory:

Hand Weapons
 a - a +2 dagger (weapon)
Missiles
 d - 8 poisoned darts (quivered)
 e - 2 curare-tipped darts
 f - 34 stones
Armour
 b - a +0 robe (worn)
 c - a +0 cloak (worn)
Jewellery
 k - a +4 ring of evasion (left hand)
Scrolls
 h - a scroll of teleportation {unknown}
 i - a scroll of fog {unknown}
 n - a scroll of enchant armour {unknown}
Potions
 g - a potion of flight {unknown}
 j - a potion of lignification {unknown}
 l - 2 potions of attraction {unknown}
 m - a potion of might {unknown}


   Skills:
 * Level 1.7 Fighting
 + Level 2.4 Short Blades
 + Level 2.0 Throwing
 * Level 2.1 Dodging
 * Level 6.4 Stealth


You had one spell level left.
You didn't know any spells.
Your spell library was empty.

Dungeon Overview and Level Annotations

Branches:
Dungeon (2/15)

Altars:
Ashenzari


Innate Abilities, Weirdness & Mutations

You are very small and have problems with some larger weapons.
You are too small for most types of armour.
You have supernaturally acute eyesight. (SInv)
You cover ground extremely quickly. (Speed+++)


Message History

An orc comes into view. It is wielding a +0 dagger.
Found a faded altar of an unknown god.
An endoplasm and an orc wizard come into view.
You enter the shallow water.
Moving in this stuff is going to be slow.
The orc shouts!
You hear a shout!
The orc wizard gestures wildly while chanting.
The orc wizard flickers and vanishes for a moment.
You barely miss the frilled lizard. Your punch misses the frilled lizard.
The frilled lizard completely misses you.
You hit the frilled lizard but do no damage.
The frilled lizard completely misses you.
You hit the frilled lizard.
The frilled lizard is heavily wounded.
The frilled lizard bites you but does no damage.
You closely miss the frilled lizard.
The frilled lizard is heavily wounded.
You hit the frilled lizard.
You kill the frilled lizard!
You closely miss the orc. The orc closely misses you.
You hit the orc.
The orc is heavily wounded.
The orc hits you with a +0 dagger.
You closely miss the orc.
The orc is heavily wounded.
The orc hits you with a +0 dagger.
You hit the orc.
You kill the orc!
You hit the orc wizard.
The orc wizard is lightly wounded.
The orc wizard casts a spell at you. The magic dart hits you.
You closely miss the orc wizard.
The orc wizard is lightly wounded.
The orc wizard completely misses you.
You hit the orc wizard but do no damage.
The orc wizard is lightly wounded.
The orc wizard points at you and mumbles some strange words.
The puff of flame hits you!
You die...

###########
≈...≈≈.≈.≈#
.....≈.≈.≈#
≈≈≈≈≈≈≈o≈.#
≈≈≈≈≈≈≈≈≈.#
≈≈≈≈≈≈≈≈.≈#######
≈≈≈≈≈≈≈≈≈...o@..#####
≈≈≈_♣≈≈≈..##.#......#
≈≈.≈≈≈≈≈.≈..#...###.#
≈≈≈≈≈≈≈≈≈.##.)...##.##
≈≈≈≈≈≈≈..####.......#
≈≈≈≈≈≈≈≈.####...##..#
..≈≈.≈.≈≈...........#
.≈...≈..####.##.##.#
#.#.....# #.##.##.#


You could see an orc wizard (invisible).

Vanquished Creatures
  An orc (D:2)
  An endoplasm (D:2)
  2 goblins (D:1)
  2 hobgoblins (D:1)
  4 kobolds
  3 bats
  2 frilled lizards
  A rat (D:1)
16 creatures vanquished.

Notes
Turn   | Place    | Note
-------+----------+-------------------------------------------
     0 | D:1      | styxcanada the Spriggan Brigand began the quest for the
                  | Orb.
     0 | D:1      | Reached XP level 1. HP: 10/10 MP: 2/2
   152 | D:1      | Reached skill level 6 in Stealth
   290 | D:1      | Reached XP level 2. HP: 15/15 MP: 3/3
   651 | D:2      | Found a broken altar of Ashenzari.
   735 | D:2      | Found a faded altar of an unknown god.
   764 | D:2      | Killed from afar by an orc wizard

Illustrated notes

Levels and vault maps discovered:
D:1:      shiori_arrival_elements, layout_basic, hangedman_decor_lopped
D:2:      layout_loops_cross, chequers_ecumenical_altar_island, basic_altar

Skill      XL: |  1 |
---------------+----+-----
Stealth        | 6 |  6.4
Dodging        | 2 |  2.1
Fighting       | |  1.7
Short Blades   | |  2.4
Throwing       | |  2.0

Action                   || total
-------------------------++-------
Melee: Dagger            ||    44
 Stab: Sleeping          ||     8
Armor: Robe              ||     4
Dodge: Dodged            ||    25
